 Dungeon Crawl Stone Soup version 0.29.1-1-gd02db6906a (webtiles) character file.

Game seed: 5473578220957496307

20001 Godmorgon the Zephyrmancer (level 12, -15/56 HPs)
             Began as a Tengu Conjurer on Oct 14, 2022.
             Was an Elder of Vehumet.
             Killed from afar by a wretched star (32 damage)
             ... with a lance of force
             ... on level 3 of the Abyss.
             The game lasted 01:30:40 (15940 turns).

Godmorgon the Zephyrmancer (Tengu Conjurer)        Turns: 15940, Time: 01:30:40

Health: -15/56     AC: 15    Str: 13      XL:     12   Next: 74%
Magic:  10/19      EV: 14    Int: 18 (19) God:    Vehumet [****..]
Gold:   78         SH:  8    Dex: 11 (12) Spells: 6/26 levels left

rFire   + . .      SeeInvis .   a - staff of conjuration
rCold   . . .      Faith    .   j - +0 kite shield {rPois}
rNeg    . . .      Spirit   .   I - +8 scale mail of Hedging {rPois Str+4}
rPois   +          Reflect  .   M - +1 hat {Will+}
rElec   .          Harm     .   f - +0 cloak
rCorr   .          Rampage  .   (no gloves)
Will    +....      Rage     9%  (boots unavailable)
Stlth   ..........              (no amulet)
HPRegen 0.18/turn               L - +4 ring of evasion
MPRegen 0.16/turn               e - ring of protection from fire

@: about to teleport, flying quickly and evasively, quick
A: beak, talons 3, nimble flight, [berserk 2], [deformed body], [deterioration
2], [dopey 2], [frail 2], [low MP 2], [screaming 2], ([teleportitis 2]),
[subdued magic 2]
a: Renounce Religion


You were on level 3 of the Abyss.
You worshipped Vehumet.
Vehumet was greatly pleased with you.
You visited 2 branches of the dungeon, and saw 11 of its levels.
You visited the Abyss 1 time.
You also visited: Ossuary, Bailey and Volcano.

You collected 792 gold pieces.
You spent 714 gold pieces at shops.

Inventory:

Hand Weapons
 c - the +9 flail of Objectivity {flame, rF+ rC++ Str+3 SInv}
   (You found it on level 9 of the Dungeon)

   It burns those it strikes, dealing additional fire damage.
   Str:       It affects your strength (+3).
   rF:        It protects you from fire.
   rC:        It greatly protects you from cold.
   SInv:      It lets you see invisible.
 d - the +8 mithril axe "Arga" {speed, Will+}
   (You found it on level 7 of the Dungeon)

   Attacks with this weapon are significantly faster.
   Will:      It increases your willpower.
Missiles
 k - 28 poisoned darts
Armour
 f - a +0 cloak (worn)
 j - a +0 kite shield of poison resistance (worn)
 I - the +8 scale mail of Hedging (worn) {rPois Str+4}
   (You found it on level 8 of the Dungeon)

   Str:       It affects your strength (+4).
   rPois:     It protects you from poison.
 M - a +1 hat of willpower (worn)
Magical Staves
 a - a staff of conjuration (weapon)
 b - a staff of poison
Jewellery
 e - a ring of protection from fire (right hand)
 L - a +4 ring of evasion (left hand)
Wands
 y - a wand of flame (21)
 D - a wand of digging (3)
 H - a wand of mindburst (12)
Scrolls
 g - 3 scrolls of fog
 i - 2 scrolls of blinking
 l - a scroll of summoning
 o - 3 scrolls of amnesia
 q - 3 scrolls of silence
 w - a scroll of magic mapping
 x - a scroll of poison {unknown}
 E - 3 scrolls of teleportation
 F - a scroll of fear {unknown}
Potions
 p - a potion of attraction {unknown}
 s - a potion of berserk rage {unknown}
 A - 3 potions of lignification
 B - a potion of magic
 C - a potion of resistance {unknown}
 G - a potion of invisibility {unknown}
 J - 3 potions of curing


   Skills:
 + Level 6.7 Fighting
 * Level 7.1 Armour
 + Level 4.9 Dodging
 - Level 2.0 Stealth
 * Level 4.4 Shields
 + Level 7.6 Spellcasting
 + Level 12.6 Conjurations
 + Level 3.3 Transmutations
 + Level 4.3 Fire Magic
 + Level 1.5 Ice Magic
 * Level 12.8 Air Magic
 - Level 5.0 Poison Magic


You had 6 spell levels left.
You knew the following spells:

 Your Spells              Type           Power      Damage    Failure   Level
a - Airstrike             Air            16%        2d(3-19)  1%          4
d - Magic Dart            Conj           100%       1d8       1%          1
f - Freezing Cloud        Conj/Ice/Air   18%        6-21      17%         5
i - Ignite Poison         Fire/Tmut/Pois 13%        N/A       13%         3
m - Mephitic Cloud        Conj/Pois/Air  40%        N/A       1%          3
p - Poisonous Vapours     Pois/Air       48%        N/A       1%          2
s - Searing Ray           Conj           98%        2d8       1%          2

Your spell library contained the following spells:

 Spells                   Type           Power      Damage    Failure   Level
 Iskenderun's Battlesphe  Conj           49%        2d10      3%          5
 Shock                    Conj/Air       100%       1d9       1%          1
 Swiftness                Air            33%        N/A       1%          3
 Dazzling Flash           Conj/Hex       54%        N/A       5%          3
 Fulminant Prism          Conj/Hex       13%        3d9       17%         4
 Iskenderun's Mystic Bla  Conj/Tloc      27%        2d7       17%         4
 Beastly Appendage        Tmut           22%        N/A       21%         1
 Wereblood                Tmut           11%        N/A       32%         2
 Spider Form              Tmut/Pois      13%        N/A       43%         3
 Apportation              Tloc           8%         N/A       67%         1
 Necrotise                Necr           16%        1d4       67%         1
 Summon Small Mammal      Summ           16%        N/A       67%         1
 Gell's Gravitas          Tloc           4%         N/A       96%         3
 Portal Projectile        Hex/Tloc       8%         N/A       96%         3
 Teleport Other           Tloc           4%         N/A       96%         3
 Tukima's Dance           Hex            4%         N/A       96%         3
 Vampiric Draining        Necr           4%         2d6       96%         3
 Agony                    Necr           4%         N/A       100%        5
 Blade Hands              Tmut           5%         N/A       100%        5
 Dispersal                Tloc           2%         N/A       100%        6


Dungeon Overview and Level Annotations

Branches:
Dungeon (10/15)            Temple (0/1) D:5            Lair (1/5) D:10
Ossuary (visited)          Bailey (visited)         Volcano (visited)
    Orc: D:9-12

Altars:
Cheibriados
Dithmenos
Gozag
Makhleb
Nemelex Xobeh
Okawaru
Qazlal
Ru
Sif Muna
Vehumet
Wu Jian
Xom
Yredelemnul
Zin
The Shining One

Shops:
D:8 =   D:9 [

Annotations:
D:9 2 transporters, TheSexyCheese's ghost, novice MiFi


Innate Abilities, Weirdness & Mutations

You have a beak for a mouth.
You have claws for feet.
Your magical nature lets you fly swiftly and evasively.
[You have an uncontrollable temper.]
[Armour fits poorly on your strangely shaped body.]
[Your body often deteriorates upon taking damage.]
[You are very dopey. (Int -4)]
[You are very frail. (-20% HP)]
[Your magical capacity is very low. (-20% MP)]
[You frequently scream uncontrollably at your foes.]
[((You are often teleported next to monsters.))]
[Your spells are easier to cast, but less powerful.]


Message History

Confirm with . or Enter, or press ? or * to list all spells.
Okay, then.
The quicksilver dragon zombie attacks as you move away!
You block the quicksilver dragon zombie's attack. x2
A wretched star comes into view.
The wretched star moves out of view.
A starcursed mass comes into view.
A raiju comes into view.
The raiju barks!
You hear a bark!
A starcursed mass splits.
The raiju bites you. The raiju shocks you!
A starcursed mass comes into view.
The raiju bursts into living lightning!
The living lightning hits the raiju.
The raiju completely resists.
The living lightning misses you.
The raiju blinks!
As you read the scroll of teleportation, it crumbles to dust.
You feel strangely unstable.
You feel the power of the Abyss delaying your translocation!
The wretched star glows turbulently.
The lance of force hits you!
Your body deteriorates!
You feel clumsy.
You are knocked back by the lance of force.
You slam into the rock wall!
Your body deteriorates!
You feel dopey. The raiju bites you but does no damage. The raiju bites you.
* * * LOW HITPOINT WARNING * * *
The raiju shocks you!
* * * LOW HITPOINT WARNING * * *
You are confused.
You feel invigorated.
The raiju bursts into living lightning!
The living lightning misses you.
The raiju blinks!
The raiju bites you.
* * * LOW HITPOINT WARNING * * *
The raiju shocks you!
* * * LOW HITPOINT WARNING * * *
You feel better.
You feel less invigorated.
The wretched star glows turbulently.
The lance of force hits you!!
Ouch! That really hurt!
You die...

..# ### .#
#..# ###. #
##...# ...##
#*#...#
#.#.##h##
#...*@#..#
#..####h.#.#
##.#X.. #.
..# ##.X.#
#.# #X


You could see a wretched star and 2 raiju.

Vanquished Creatures
  Gastronok (D:9)
  2 vault guards (Bailey)
  A dancing weapon (Volcano)
  3 two-headed ogres
  A sixfirhy (D:9)
  A lindwurm (Lair:1)
  Pikel (D:4)
  4 wizards (Volcano)
  A smoke demon (D:9)
  5 toenail golems (Volcano)
  A hellwing (D:8)
  3 trolls
  An ice devil (D:10)
  3 meliai (Abyss:3)
  A polar bear (Lair:1)
  A hornet (D:10)
  A raiju (Abyss:3)
  Prince Ribbit (Bailey)
  A shadow (D:9)
  2 wraiths
  12 yaks (D:10)
  2 humans (Bailey)
  2 wyverns (D:7)
  A steam dragon (D:9)
  2 wargs (D:10)
  2 acid dragons
  2 black bears
  3 ice beasts
  6 orc warriors
  4 centaurs
  A lemure (D:4)
  10 bullfrogs
  3 elf zombies (Ossuary)
  A kobold brigand (D:9)
  A necrophage (D:6)
  2 scorpions
  A gnoll sergeant (D:9)
  5 wights
  10 killer bees
  A howler monkey (D:6)
  A quasit (Abyss:3)
  2 hounds
  3 human zombies (Ossuary)
  6 orc priests
  Crazy Yiuf (D:3)
  3 iguanas
  17 orc wizards
  A statue (D:4)
  Robin (D:3)
  2 mummies (Ossuary)
  11 gnolls
  5 adders
  A shadow imp (D:5)
  A white imp (D:5)
  A worm (D:4)
  2 dart slugs
  28 orcs
  8 bats
  13 endoplasms
  5 giant cockroaches
  12 goblins
  13 hobgoblins
  4 jackals (D:5)
  4 quokkas
  7 ball pythons
  9 frilled lizards
  A goblin zombie (Ossuary)
  8 hobgoblin zombies (Ossuary)
  13 kobolds
  10 kobold zombies (Ossuary)
  9 orc zombies (Ossuary)
  4 rats
  3 rat zombies (Ossuary)
315 creatures vanquished.

Vanquished Creatures (others)
  12 demonic plants (D:9)
  3 plants
15 creatures vanquished.

Grand Total: 330 creatures vanquished

Notes
Turn   | Place    | Note
-------+----------+-------------------------------------------
     0 | D:1      | Godmorgon the Tengu Conjurer began the quest for the Orb.
     0 | D:1      | Reached XP level 1. HP: 10/10 MP: 4/4
   198 | D:1      | Reached XP level 2. HP: 15/15 MP: 4/6
   203 | D:1      | Learned a level 2 spell: Searing Ray
   541 | D:1      | Reached XP level 3. HP: 4/19 MP: 0/7
   993 | D:1      | Found a faded altar of an unknown god.
  1912 | D:2      | Reached XP level 4. HP: 24/24 MP: 6/9
  1991 | D:2      | Identified the +5 leather armour "Weethrij" {Str+3 Int+4}
  2025 | D:2      | Found a snail-covered altar of Cheibriados.
  2684 | D:3      | Found a shadowy altar of Dithmenos.
  2751 | D:3      | Noticed Robin
  2783 | D:3      | Reached skill level 1 in Armour
  2898 | D:3      | Killed Robin
  3133 | D:3      | Identified the +6 arbalest of Indomitability {freeze,
                  | +Blink Will+ Str-3 Stlth+}
  3393 | D:3      | Gained mutation: Your magical nature lets you fly swiftly
                  | and evasively. [Tengu growth]
  3393 | D:3      | Reached XP level 5. HP: 28/28 MP: 7/10
  3406 | D:3      | Found a runed translucent door.
  3407 | D:3      | Noticed Crazy Yiuf
  3423 | D:3      | Killed Crazy Yiuf
  3577 | D:4      | Found a glowing golden altar of the Shining One.
  3617 | D:4      | Reached XP level 6. HP: 22/32 MP: 0/11
  3734 | D:4      | Noticed Pikel
  3744 | D:4      | Killed Pikel
  3745 | D:4      | Reached XP level 7. HP: 26/36 MP: 1/14
  3872 | D:4      | Learned a level 4 spell: Airstrike
  4206 | D:4      | Reached skill level 1 in Air Magic
  4255 | D:4      | Found a radiant altar of Vehumet.
  4264 | D:4      | Became a worshipper of Vehumet
  4366 | D:5      | Entered Level 5 of the Dungeon
  4387 | D:5      | Reached skill level 1 in Fighting
  4387 | D:5      | Reached XP level 8. HP: 43/43 MP: 9/15
  4396 | D:5      | Found a staircase to the Ecumenical Temple.
  4582 | D:5      | Reached skill level 5 in Armour
  5885 | D:6      | Found a shimmering altar of Xom.
  5935 | D:6      | Learned a level 3 spell: Mephitic Cloud
  6175 | D:6      | Found an iron altar of Okawaru.
  6179 | D:6      | Reached skill level 5 in Air Magic
  6266 | D:6      | Reached * piety under Vehumet
  6266 | D:6      | Offered knowledge of Foxfire by Vehumet.
  6399 | D:6      | Reached skill level 1 in Poison Magic
  6558 | D:6      | Reached XP level 9. HP: 49/49 MP: 4/17
  6863 | D:7      | Found a sand-covered staircase.
  6873 | D:7      | Reached skill level 5 in Spellcasting
  6873 | D:7      | Reached skill level 10 in Conjurations
  6874 | Ossuary  | Entered an ossuary
  7166 | Ossuary  | Offered knowledge of Poisonous Vapours by Vehumet.
  7167 | Ossuary  | Reached ** piety under Vehumet
  7385 | D:7      | Found a sacrificial altar of Ru.
  7395 | D:7      | Found a flagged portal.
  7395 | D:7      | Found the +8 mithril axe "Arga" {speed, Will+}
  7436 | Bailey   | Entered a bailey
  7553 | Bailey   | Learned a level 2 spell: Poisonous Vapours
  7738 | Bailey   | Noticed a vault guard
  7766 | Bailey   | Killed a vault guard
  7909 | Bailey   | Noticed Prince Ribbit
  7909 | Bailey   | Noticed a vault guard
  7939 | Bailey   | Killed Prince Ribbit
  7940 | Bailey   | Reached XP level 10. HP: 32/58 MP: 14/19
  7954 | Bailey   | Killed a vault guard
  8418 | D:7      | Found an opulent altar of Gozag.
  8528 | D:7      | Offered knowledge of Static Discharge by Vehumet.
  8570 | D:7      | Reached skill level 5 in Fighting
  8828 | D:7      | Identified the +7 scale mail of the Grey Skies {Fly Str+3}
  9566 | D:8      | Noticed a two-headed ogre
  9615 | D:8      | Killed a two-headed ogre
  9616 | D:8      | Reached skill level 10 in Air Magic
  9781 | D:8      | Found Irhy's Jewellery Shoppe.
  9826 | D:8      | Found an ornate altar of the Wu Jian Council.
  9907 | D:8      | Found a glowing silver altar of Zin.
  9914 | D:8      | Identified the +8 scale mail of Hedging {rPois Str+4}
 10058 | D:8      | Found a burning altar of Makhleb.
 10527 | D:8      | Identified the +2 scale mail "Piuqedd" {Contam rElec rN+}
 10697 | D:8      | Bought a +4 ring of evasion for 504 gold pieces
 10732 | D:8      | Learned a level 3 spell: Ignite Poison
 10740 | D:9      | Found Buutarun's Antique Armour Shoppe.
 10830 | D:9      | Reached *** piety under Vehumet
 10886 | D:9      | Found a sparkling altar of Nemelex Xobeh.
 10967 | D:9      | Noticed a moth of wrath
 11053 | D:9      | Found a transporter.
 11056 | D:9      | Found the +2 hat of the Bear Spirit {Spirit, *Rage Will++}
 11056 | D:9      | Noticed a manticore
 11058 | D:9      | Identified the +9 flail of Objectivity {flame, rF+ rC++
                  | Str+3 SInv}
 11188 | D:9      | Noticed TheSexyCheese's ghost (novice MiFi)
 11203 | D:9      | Reached skill level 1 in Fire Magic
 11326 | D:8      | Reached XP level 11. HP: 57/64 MP: 14/22
 11466 | D:8      | Reached skill level 1 in Shields
 11718 | D:9      | Found a transporter.
 11756 | D:9      | Reached skill level 5 in Poison Magic
 11782 | D:9      | Reached skill level 1 in Transmutations
 11884 | D:9      | Offered knowledge of Conjure Flame by Vehumet.
 11929 | D:9      | Noticed a sixfirhy
 11954 | D:9      | Killed a sixfirhy
 12099 | D:9      | Found a stormy altar of Qazlal.
 12228 | D:9      | Noticed Gastronok
 12344 | D:9      | Killed Gastronok
 12805 | D:10     | Entered Level 10 of the Dungeon
 13165 | D:10     | Reached **** piety under Vehumet
 13212 | D:10     | Noticed a two-headed ogre
 13216 | D:10     | Killed a two-headed ogre
 13313 | D:10     | Offered knowledge of Iskenderun's Battlesphere by Vehumet.
 13403 | D:10     | Found a basalt altar of Yredelemnul.
 13420 | D:10     | Found a shimmering blue altar of Sif Muna.
 13472 | D:10     | Noticed a two-headed ogre
 13476 | D:10     | Killed a two-headed ogre
 13477 | D:10     | Reached XP level 12. HP: 71/71 MP: 5/23
 13489 | D:10     | Found a staircase to the Lair.
 14573 | D:9      | Bought a shiny kite shield for 210 gold pieces
 14694 | D:9      | Learned a level 5 spell: Freezing Cloud
 14756 | Lair:1   | Entered Level 1 of the Lair of Beasts
 14805 | Lair:1   | Found a dark tunnel.
 14839 | Volcano  | Entered a volcano
 15047 | Volcano  | Reached skill level 1 in Ice Magic
 15469 | Abyss:3  | Cast into level 3 of the Abyss (a wizard)
 15486 | Abyss:3  | Noticed a wretched star
 15487 | Abyss:3  | Noticed a green very ugly thing
 15495 | Abyss:3  | Noticed a wretched star
 15868 | Abyss:3  | Noticed a starcursed mass
 15874 | Abyss:3  | Noticed a wretched star
 15932 | Abyss:3  | Noticed a wretched star
 15933 | Abyss:3  | Noticed a starcursed mass
 15936 | Abyss:3  | Noticed a starcursed mass
 15939 | Abyss:3  | HP: 2/56 [raiju (8)]
 15940 | Abyss:3  | Killed from afar by a wretched star

Illustrated notes

Levels and vault maps discovered:
D:1:      denvon_arrival_hothouse, layout_rooms,
          dreamdust_ecumenical_altar_grove, chequers_serial_rivers_small_b,
          hangedman_decor_opposing
D:2:      layout_basic, basic_altar, nrook_mini_vaults, grunt_decor_fettered,
          amcnicky_mini_rare_corridor_liquid
D:3:      layout_loops_ring, grunt_dithmenos_smoke_and_mirrors,
          kennysheep_path_1, uniq_robin, uniq_crazy_yiuf_cottage
D:4:      layout_rooms, vehumet_statue, lemuel_coloured_pillars_altar,
          uniq_pikel
D:5:      layout_basic, minmay_temple_entry_sparse_star, columned_hall_lemuel
D:6:      layout_basic, okawaru_metal_pillars_1_2, xom_teletrap_fun, st_stairs_9
D:7:      layout_loops_corners, overflow_temple_1_default, lemuel_doored_altar,
          enter_bailey_2, enter_ossuary_1, chequers_serial_rivers_marsh
D:8:      layout_loops_corners, mainiacjoe_overflow_alcove_2,
          overflow_temple_1_default, nicolae_wu_jian_immortal_techniques,
          serial_shops, nicolae_shop_hallway_plus, serial_glass,
          glass_columns_b, glass_columns_c, glass_columns_b, glass_columns_a,
          glass_columns_c, glass_columns_b, glass_columns_c, glass_columns_b,
          glass_columns_a, glass_columns_b, glass_columns_c, glass_columns_b,
          glass_columns_a, glass_columns_a,
          nicolae_concentric_dashed_squares_mild,
          hangedman_abyss_or_decor_stabs, ebering_dispersal_statue_hall,
          kennysheep_generic_room_9
D:9:      layout_rooms, mainiacjoe_overflow_catwalk, grunt_qazlal_sundering,
          serial_demonic, serial_demonic_c, serial_demonic_b, serial_demonic_g,
          serial_demonic_g, gammafunk_ghost_berserking_beasts,
          nicolae_stop_n_shop_1, statue_in_the_mist_lemuel, uniq_gastronok
D:10:     layout_basic, mainiacjoe_overflow_catwalk_spiral,
          erik_lair_orcish_takeover, chequers_jeans, st_stairs_12, minivault_22,
          grunt_ministairs_15
Lair:1:   wander_river, layout_cave_pods, nicolae_volcano_entry_vermiform,
          dreamdust_wasp_nest, lemuel_fruit_fields
Abyss:3:  base: Lair:1, minivault_25_ag, grunt_abyss_rune_wretched_hive
Volcano:  volcano_bunker

Skill      XL: |  1  2  3  4  5  6  7  8  9 10 11 12 |
---------------+-------------------------------------+-----
Conjurations   | 6 7 9 10 11 12 | 12.6
Armour         | 1 2 4 5 6 7 |  7.1
Spellcasting   | 3 4 5 6 7 |  7.6
Air Magic      | 2 5 8 10 12 | 12.8
Fighting       | 1 2 4 5 6 |  6.7
Poison Magic   | 1 3 4 5 |  5.0
Fire Magic     | 1 3 4 |  4.3
Shields        | 2 4 |  4.4
Transmutations | 2 3 |  3.3
Dodging        | 4 |  4.9
Ice Magic      | 1 |  1.5
Stealth        | |  2.0

Action                   |  1- 3 |  4- 6 |  7- 9 | 10-12 || total
-------------------------+-------+-------+-------+-------++-------
Melee: Staff             |     3 |     3 |    15 |    55 ||    76
       Peck              |     1 |       |     3 |    14 ||    18
       Kick              |       |     1 |     6 |    21 ||    28
       Broad axe         |       |       |       |    23 ||    23
       Flail             |       |       |       |     1 ||     1
 Fire: Sling             |       |     2 |       |       ||     2
 Cast: Magic Dart        |    37 |     1 |     6 |     1 ||    45
       Searing Ray       |    23 |    35 |    64 |    50 ||   172
       Mephitic Cloud    |       |       |     4 |     5 ||     9
       Airstrike         |       |       |    20 |   104 ||   124
       Poisonous Vapours |       |       |       |    46 ||    46
       Ignite Poison     |       |       |       |    19 ||    19
Evoke: Wand              |       |       |       |     3 ||     3
  Use: Scroll            |       |     5 |     4 |    15 ||    24
       Potion            |       |     1 |     1 |     8 ||    10
 Stab: Confused          |       |       |       |     1 ||     1
Armor: Robe              |     3 |       |       |       ||     3
       Leather armour    |       |     8 |    16 |     2 ||    26
       Scale mail        |       |       |       |    76 ||    76
Dodge: Dodged            |     4 |    12 |    35 |   143 ||   194
Block: Buckler           |       |       |       |    23 ||    23
       Kite shield       |       |       |       |    21 ||    21
